 Dungeon Crawl Stone Soup version 0.24.0-1-gfbc8707122 (webtiles) character file.

Game seed: 15920769200661324815, levelgen mode: deterministic

22743 Peloso the Carver (level 12, -1/107 HPs)
             Began as a Minotaur Fighter on Oct 28, 2019.
             Was a High Priest of Okawaru.
             Slain by a death yak (6 damage)
             ... on level 3 of the Lair of Beasts.
             The game lasted 00:28:50 (12060 turns).

Peloso the Carver (Minotaur Fighter)               Turns: 12060, Time: 00:28:51

Health: -1/107     AC: 19    Str: 26    XL:     12   Next: 65%
Magic:  12/12      EV:  9    Int:  5    God:    Okawaru [*****.]
Gold:   818        SH:  7    Dex: 13    Spells: 11/11 levels left

rFire    + . .     SeeInvis .   b - +2 scimitar (flame)
rCold    + + .     Gourm    .   c - +0 buckler of Raumiess {rF+ rC+ Stlth-}
rNeg     . . .     Faith    .   H - +0 plate armour
rPois    .         Spirit   .   (helmet restricted)
rElec    .         Reflect  .   t - +1 cloak
rCorr    .         Harm     .   g - +0 pair of gloves
MR       .....                  (no boots)
Stlth    ..........             (no amulet)
HPRegen  0.27/turn              e - +3 ring of strength
MPRegen  0.13/turn              v - ring of protection from cold

@: lethally poisoned (-1 -> -8), marked
A: retaliatory headbutt, horns 2
a: Heroism, Finesse, Renounce Religion


You were on level 3 of the Lair of Beasts.
You worshipped Okawaru.
Okawaru was extremely pleased with you.
You were not hungry.

You visited 3 branches of the dungeon, and saw 17 of its levels.

You collected 818 gold pieces.

Inventory:

Hand Weapons
 a - a +3 long sword of electrocution
 b - a +2 scimitar of flaming (weapon)
Armour
 c - the +0 buckler of Raumiess (worn) {rF+ rC+ Stlth-}
   (Okawaru gifted it to you on level 1 of the Lair of Beasts)

   It protects you from fire.
   It protects you from cold.
   It makes you less stealthy.
 g - a +0 pair of gloves (worn)
 t - a +1 cloak (worn)
 H - a +0 plate armour (worn)
Jewellery
 e - a +3 ring of strength (left hand)
 j - an uncursed ring of ice
 v - a ring of protection from cold (right hand)
 M - the amulet of Vanailus {rF++ Regen+ Str+7 Int-5}
   (You found it on level 11 of the Dungeon)

   [amulet of regeneration]

   It affects your strength (+7).
   It affects your intelligence (-5).
   It greatly protects you from fire.
   It increases your rate of regeneration.
Wands
 I - a wand of digging (5)
Scrolls
 d - a scroll of amnesia
 i - 2 scrolls of identify
 l - 3 scrolls of magic mapping
 m - 5 scrolls of teleportation
 q - 3 scrolls of fog
 z - 3 scrolls of blinking
 D - 8 scrolls of remove curse
 L - a scroll of fear
Potions
 h - 2 potions of degeneration {unknown}
 k - a potion of brilliance
 n - a potion of flight
 p - 2 potions of agility
 s - 7 potions of curing
 u - 4 potions of lignification {unknown}
 A - a potion of invisibility
 C - a potion of ambrosia {unknown}
 F - 3 potions of haste
Comestibles
 f - 34 rations


   Skills:
 + Level 10.5 Fighting
 + Level 14.6 Long Blades
 + Level 12.7 Armour
 + Level 3.0 Dodging
 + Level 1.7 Stealth
 + Level 12.5 Shields
 + Level 1.2 Invocations
 + Level 1.3 Evocations


You had 11 spell levels left.
You didn't know any spells.
Your spell library contained the following spells:

 Spells                   Type           Power        Failure   Level  Hunger
 Cause Fear               Hex            #.........   100%        4    #####..
 Leda's Liquefaction      Hex/Erth       #.........   100%        4    #####..
 Bolt of Magma            Conj/Fire/Erth #.........   100%        5    ######.
 Silence                  Hex/Air        #.........   100%        5    ######.
 Yara's Violent Unravell  Hex/Tmut       #.........   100%        5    ######.
 Deflect Missiles         Chrm/Air       #.........   100%        6    #######
 Iron Shot                Conj/Erth      #.........   100%        6    #######
 Statue Form              Tmut/Erth      #........    100%        6    #######
 Discord                  Hex            #.........   100%        8    #######
 Shatter                  Erth           #.........   100%        9    #######


Dungeon Overview and Level Annotations

Branches:
Dungeon (11/15)            Temple (1/1) D:4            Lair (5/6) D:10
  Snake (0/4) Lair:2
  Swamp: Lair:2-4    Shoals: Lair:2-4     Slime: Lair:5-6       Orc: D:9-12

Altars:
Ashenzari
Dithmenos
Elyvilon
Fedhas
Hepliaklqana
Kikubaaqudgha
Nemelex Xobeh
Okawaru
Qazlal
Ru
Sif Muna
Trog
Uskayaw
Vehumet
Wu Jian
Xom
Yredelemnul
Zin
The Shining One

Shops:
D:5 [   D:8 [

Annotations:
Lair:1 1 runed translucent door, Curus's ghost, journeyman MiBe
Lair:3 Rupert


Innate Abilities, Weirdness & Mutations

You reflexively headbutt those who attack you in melee.
You have a pair of horns on your head.


Message History

* * * LOW HITPOINT WARNING * * *
Found a stone staircase leading up.
The blink frog blinks!
The blink frog blinks!
The blink frog blinks!
The blink frog blinks! x2
The black mamba bites you but does no damage.
There is a stone staircase leading up here.
The black mamba bites you.
* * * LOW HITPOINT WARNING * * *
You are poisoned.
The black mamba poisons you!
You climb upwards.
Level annotation: Rupert The death yak bellows! x4
* * * LOW HITPOINT WARNING * * *
You feel sick. You block the death yak's attack. The death yak gores you.
* * * LOW HITPOINT WARNING * * *
The death yak gores you.
You die...

.......^.... .. ..
.##......... #.# ..
###.#...#P ...### .####
# ##....##
#.....##.#..#.. #....###
........................
........................
........S...............
.......@................
:.....YY.............!..
.......Y.Y..............
...............
...............
#######.####### #.# ###


You could see 4 death yaks and a black mamba.

Vanquished Creatures
  A hydra (Lair:1)
  An ice dragon (D:10)
  Fannar (Lair:3)
  Erica (D:11)
  A two-headed ogre (D:9)
  An unseen horror (D:10)
  An orc knight (D:11)
  2 oklob plants (D:9)
  Maurice (D:10)
  3 black mambas
  Joseph (D:8)
  6 spiny frogs
  4 komodo dragons
  A troll (D:9)
  A polar bear (Lair:3)
  2 hornets (D:9)
  A slime creature (D:11)
  2 hippogriffs
  22 yaks
  Sigmund (D:2)
  3 hungry ghosts
  Edmund (D:4)
  An acid dragon (D:11)
  2 soldier ants (D:9)
  Duvessa (D:4)
  A porcupine (Lair:3)
  12 water moccasins
  5 orc warriors
  3 sky beasts
  2 black bears
  5 ice beasts
  A phantom (D:4)
  8 wolves
  3 centaurs
  3 ogres
  3 crocodiles
  Blork the orc (D:4)
  11 bullfrogs
  Dowan (D:4)
  A scorpion (D:6)
  10 killer bees
  7 howler monkeys
  6 crimson imps
  A quasit (D:10)
  5 hounds
  2 jellies
  9 orc priests
  4 centaur skeletons
  7 orc wizards
  Crazy Yiuf (D:3)
  4 iguanas
  7 hell rats (Lair:5)
  6 worker ants
  A hound zombie (D:8)
  A hound skeleton (D:5)
  A howler monkey zombie (D:5)
  15 adders
  11 gnolls
  A howler monkey skeleton (D:4)
  4 shadow imps
  2 oozes
  An adder skeleton (D:5)
  6 worms
  4 leopard geckos
  33 orcs
  5 ball pythons
  11 bats
  5 giant cockroaches
  7 goblins
  5 hobgoblins
  14 jackals
  5 quokkas
  7 frilled lizards
  A jackal skeleton (D:4)
  A jackal zombie (D:6)
  6 kobolds
  A leopard gecko zombie (D:5)
  A quokka skeleton (D:4)
  7 rats
  A fungus (Lair:2)
348 creatures vanquished.

Vanquished Creatures (others)
  A fungus (Lair:2)
  2 plants (D:10)
3 creatures vanquished.

Grand Total: 351 creatures vanquished

Notes
Turn   | Place    | Note
-------+----------+-------------------------------------------
     0 | D:1      | Peloso the Minotaur Fighter began the quest for the Orb.
     0 | D:1      | Reached XP level 1. HP: 19/19 MP: 0/0
   166 | D:1      | Reached XP level 2. HP: 27/27 MP: 1/1
   197 | D:1      | Reached skill level 3 in Long Blades
   448 | D:2      | Reached XP level 3. HP: 33/33 MP: 2/2
   535 | D:2      | Noticed a bullfrog
   539 | D:2      | Killed a bullfrog
   539 | D:2      | Reached skill level 4 in Long Blades
   539 | D:2      | Reached XP level 4. HP: 26/41 MP: 3/3
   546 | D:2      | Noticed Sigmund
   712 | D:2      | HP: 2/41 [Sigmund/magic dart (8)]
   713 | D:2      | Killed Sigmund
   713 | D:2      | Reached skill level 5 in Long Blades
   713 | D:2      | Reached XP level 5. HP: 2/47 MP: 4/4
   713 | D:2      | Reached XP level 6. HP: 2/53 MP: 5/5
  1252 | D:2      | Reached skill level 1 in Dodging
  1373 | D:3      | Reached skill level 5 in Shields
  1559 | D:3      | Found a runed translucent door.
  1560 | D:3      | Noticed Crazy Yiuf
  2090 | D:3      | Killed Crazy Yiuf
  2160 | D:4      | Reached skill level 5 in Armour
  2184 | D:4      | Reached XP level 7. HP: 45/60 MP: 6/6
  2196 | D:4      | Reached skill level 6 in Long Blades
  2214 | D:4      | Reached skill level 5 in Fighting
  2494 | D:4      | Noticed Blork the orc
  2509 | D:4      | Killed Blork the orc
  2515 | D:4      | Found a staircase to the Ecumenical Temple.
  2519 | D:4      | Noticed Dowan
  2521 | D:4      | Noticed Duvessa
  2530 | D:4      | Killed Dowan
  2539 | D:4      | Killed Duvessa
  2541 | D:4      | Reached skill level 7 in Long Blades
  2547 | D:4      | Reached skill level 1 in Stealth
  2569 | Temple   | Entered the Ecumenical Temple
  2644 | Temple   | Became a worshipper of Warmaster Okawaru
  2929 | D:4      | Reached XP level 8. HP: 63/69 MP: 7/7
  3171 | D:4      | Noticed Edmund
  3188 | D:4      | Killed Edmund
  3442 | D:5      | Entered Level 5 of the Dungeon
  3619 | D:5      | Reached skill level 8 in Long Blades
  3724 | D:5      | Reached * piety under Okawaru
  3782 | D:5      | Reached skill level 9 in Long Blades
  3886 | D:5      | Reached XP level 9. HP: 63/75 MP: 8/8
  3906 | D:5      | Reached ** piety under Okawaru
  4002 | D:5      | Found Udaneam's Armour Shoppe.
  4081 | D:6      | Reached skill level 10 in Long Blades
  4647 | D:6      | Found a shimmering altar of Xom.
  5191 | D:7      | Reached skill level 11 in Long Blades
  5539 | D:8      | Noticed Joseph
  5541 | D:8      | Reached *** piety under Okawaru
  5554 | D:8      | Killed Joseph
  5554 | D:8      | Reached skill level 12 in Long Blades
  5582 | D:8      | Reached XP level 10. HP: 66/84 MP: 9/9
  5692 | D:8      | Identified the +6 short sword "Behekoes" {drain, +Blink
                  | rN++ Str-4 Dex+2}
  5709 | D:8      | Reached skill level 1 in Invocations
  5796 | D:8      | Found Sawkits's Armour Shoppe.
  5863 | D:8      | Found a sacrificial altar of Ru.
  6123 | D:9      | Noticed a two-headed ogre
  6129 | D:9      | Killed a two-headed ogre
  6129 | D:9      | Reached **** piety under Okawaru
  6858 | D:9      | Found a blossoming altar of Fedhas.
  6861 | D:9      | Noticed an oklob plant
  6861 | D:9      | Noticed an oklob plant
  6868 | D:9      | Killed an oklob plant
  6868 | D:9      | Reached skill level 10 in Shields
  7184 | D:9      | Killed an oklob plant
  7184 | D:9      | Received a gift from Okawaru
  7892 | D:10     | Entered Level 10 of the Dungeon
  7906 | D:10     | Found a staircase to the Lair.
  7919 | D:10     | Got a crystal war axe
  7920 | D:10     | Identified the +0 war axe "Yleffann" {chop, rF+ Int+3 Dex+4
                  | Stlth-} (You found it on level 10 of the Dungeon)
  7962 | D:10     | Reached skill level 13 in Long Blades
  8008 | D:10     | Reached ***** piety under Okawaru
  8008 | D:10     | Reached XP level 11. HP: 88/93 MP: 10/10
  8057 | D:10     | Noticed an ice dragon
  8065 | D:10     | Killed an ice dragon
  8437 | D:10     | Killed an unseen horror
  8437 | D:10     | Reached skill level 10 in Armour
  8576 | D:10     | Noticed Maurice
  8583 | D:10     | Killed Maurice
  8724 | D:11     | Received a gift from Okawaru
  8805 | D:11     | Found a shattered altar of Ashenzari.
  9000 | D:11     | Noticed Erica
  9008 | D:11     | Killed Erica
  9024 | D:11     | Got a wavering sapphire amulet
  9025 | D:11     | Lost intelligence.
  9025 | D:11     | Identified the amulet of Vanailus {rF++ Regen+ Str+7 Int-5}
                  | (You found it on level 11 of the Dungeon)
  9050 | D:11     | Noticed an orc knight
  9076 | D:11     | Killed an orc knight
  9078 | D:11     | Reached skill level 14 in Long Blades
  9387 | Lair:1   | Entered Level 1 of the Lair of Beasts
  9411 | Lair:1   | Noticed a six-headed hydra
  9419 | Lair:1   | Killed a one-headed hydra
  9423 | Lair:1   | Found a runed translucent door.
  9423 | Lair:1   | Found a shimmering altar of Xom.
  9423 | Lair:1   | Noticed Curus's ghost (journeyman MiBe)
  9423 | Lair:1   | Noticed a +0 trident of chaos
  9438 | Lair:1   | Received a gift from Okawaru
  9447 | Lair:1   | Got a faintly glowing buckler {god gift}
  9453 | Lair:1   | Identified the +0 buckler of Raumiess {rF+ rC+ Stlth-}
                  | (Okawaru gifted it to you on level 1 of the Lair of Beasts)
  9553 | Lair:1   | Reached XP level 12. HP: 78/104 MP: 11/11
  9866 | Lair:1   | Found an ancient bone altar of Kikubaaqudgha.
 10234 | Lair:2   | Found a staircase to the Snake Pit.
 10983 | Lair:2   | Reached skill level 1 in Evocations
 11404 | Lair:3   | Reached skill level 10 in Fighting
 11431 | Lair:3   | Noticed Fannar
 11439 | Lair:3   | Killed Fannar
 11446 | Lair:3   | Noticed Rupert
 11614 | Lair:3   | You fall into a shaft and drop 2 floors!
 12060 | Lair:3   | Noticed a death yak
 12060 | Lair:3   | Noticed a death yak
 12060 | Lair:3   | Noticed a death yak
 12060 | Lair:3   | Noticed a death yak
 12060 | Lair:3   | HP: 5/107 [death yak (4)]
 12060 | Lair:3   | Slain by a death yak

Levels and vault maps discovered:
D:1:      zaba_arrival_water, layout_rooms
D:2:      layout_rooms, minmay_domino_4, uniq_sigmund
D:3:      layout_loops_ring, uniq_crazy_yiuf_cottage
D:4:      layout_basic, minmay_temple_entry_large_hall, first_ration,
          uniq_duvessa, uniq_edmund, uniq_blork_the_orc
D:5:      layout_gridville, serial_shops, kennysheep_mini, minmay_joined_circles
D:6:      layout_basic, tgw_xom, chequers_avenue, kennysheep_generic_room_14
D:7:      layout_rooms, moated_statue
D:8:      layout_rooms, lemuel_doored_altar, serial_shops,
          nicolae_shop_waterfront, uniq_joseph
D:9:      layout_layer_cave, hangedman_pestilent_swarm, hangedman_tree_tricks
D:10:     layout_basic, david_lair_shrubbed, minivault_11, st_stairs_14,
          kennysheep_just_a_vault, uniq_maurice
D:11:     minmay_tri_box, layout_irregular_city, serial_shops,
          nicolae_shop_behind_doors, ashenzari_altar_1, uniq_erica
Temple:   regret_index_temple_chain_breaker
Lair:1:   layout_regular_city, ebering_ghost_xom, basic_altar
Lair:2:   layout_loops_ring, minmay_snake_entry_six_corridors,
          grunt_megastairs_4
Lair:3:   layout_small_grid, beast_lair_carwin_11, uniq_fannar, uniq_rupert
Lair:4:   layout_regular_city, minmay_shoals_entry_centaurs,
          infiniplex_staircase_pool
Lair:5:   layout_gridlike

Skill      XL: |  1  2  3  4  5  6  7  8  9 10 11 12 |
---------------+-------------------------------------+-----
Shields        | 4 5 6 7 8 10 11 12 | 12.5
Long Blades    | 3 4 5 7 9 12 13 14 | 14.6
Armour         | 4 5 6 7 9 11 12 | 12.7
Fighting       | 4 5 6 7 9 10 | 10.5
Dodging        | 1 2 3 |  3.0
Stealth        | 1 |  1.7
Invocations    | 1 |  1.2
Evocations     | 1 |  1.3

Action                   |  1- 3 |  4- 6 |  7- 9 | 10-12 || total
-------------------------+-------+-------+-------+-------++-------
Melee: Long sword        |    46 |   130 |   335 |   265 ||   776
       Headbutt          |     7 |    19 |    86 |   138 ||   250
       Scimitar          |       |       |       |   225 ||   225
Invok: Heroism           |       |       |     2 |     2 ||     4
Evoke: Wand              |       |       |       |     5 ||     5
  Use: Scroll            |     4 |     3 |     2 |    12 ||    21
       Potion            |     4 |     1 |     1 |     5 ||    11
  Eat: Chunk             |       |     4 |    12 |    18 ||    34
       Ration            |       |       |       |     2 ||     2
Armor: Scale mail        |    17 |    22 |       |       ||    39
       Chain mail        |       |    49 |    94 |       ||   143
       Plate armour      |       |       |    16 |   292 ||   308
Dodge: Dodged            |    26 |    46 |    66 |   182 ||   320
Block: Shield            |    21 |   113 |   181 |   180 ||   495
       Buckler           |       |       |       |    88 ||    88
       Rpst.: Long sword |     6 |    12 |    15 |    17 ||    50
       Scimitar          |       |       |       |    27 ||    27
